 Dungeon Crawl Stone Soup version 0.30-a0-1124-g6e8f0f562f (webtiles) character file.

Game seed: 11039687579860004575

70518 Conn the Thaumaturge (level 15, -3/86 HPs)
             Began as an Octopode Fire Elementalist on Apr 23, 2023.
             Was a Priest of Sif Muna.
             Slain by a skyshark (8 damage)
             ... on level 3 of the Lair of Beasts.
             The game lasted 01:50:13 (25812 turns).

Conn the Thaumaturge (Octopode Fire Elementalist)  Turns: 25812, Time: 01:50:14

Health: -3/86      AC:  3    Str:  7    XL:     15   Next: 33%
Magic:  24/41      EV: 16    Int: 25    God:    Sif Muna [***...]
Gold:   3154       SH:  9    Dex: 13    Spells: 6/40 levels left

rFire   + + .        d - +8 mace of Vaateum {drain, rF+ rCorr}
rCold   x . .        z - +3 buckler {rPois}
rNeg    . . .        n - +2 hood of the Assassin {Detect Stab+ Stlth++}
rPois   +            p - amulet of magic regeneration
rElec   .            k - ring of fire
rCorr   +            F - ring of see invisible
SInv    +            j - ring of magical power
Will    +....        (no ring)
Stlth   ++++++       (no ring)
HPRegen 0.34/turn    (no ring)
MPRegen 0.67/turn    (no ring)
                     (no ring)

%: no passive effects
@: in a vortex, on blink cooldown, flying (expiring)
A: almost no armour, amphibious, 8 rings, camouflage 1, gelatinous body 1,
(nimble swimmer 1), tentacles
a: Renounce Religion, Channel Magic, Forget Spell


You were on level 3 of the Lair of Beasts.
You worshipped Sif Muna.
Sif Muna was most pleased with you.
You visited 4 branches of the dungeon, and saw 19 of its levels.
You also visited: Sewer and Bailey.

You collected 4186 gold pieces.
You spent 1032 gold pieces at shops.

Inventory:

Hand Weapons
 d - the +8 mace of Vaateum (weapon) {drain, rF+ rCorr}
   (You bought it in a shop on level 2 of the Orcish Mines)

   rF:        It protects you from fire.
   rCorr:     It protects you from acid and corrosion.
 w - the +6 long sword "Movauz" {heavy, *Corrode Str+7 Int-2 SInv}
   (You found it on level 11 of the Dungeon)

   Str:       It affects your strength (+7).
   Int:       It affects your intelligence (-2).
   SInv:      It lets you see invisible.
   *Corrode:  It may corrode you when you take damage.
 D - a +1 dagger of protection
Missiles
 y - a curare-tipped dart (quivered)
Armour
 n - the +2 hood of the Assassin (worn) {Detect Stab+ Stlth++}
   (You acquired it in a bailey)

   Detect:    It allows the wearer to sense nearby creatures.
   Stab+:     It allows the wearer to make particularly effective stabbing
   attacks against helpless or unaware enemies with any weapon.
   Stlth:     It makes you much more stealthy.
 z - a +3 buckler of poison resistance (worn)
Magical Staves
 H - a staff of poison
Jewellery
 h - an amulet of regeneration
 j - a ring of magical power (on tentacle)
 k - a ring of fire (left tentacle)
 p - an amulet of magic regeneration (around mantle)
 F - a ring of see invisible (right tentacle)
Wands
 e - a wand of flame (56)
 G - a wand of iceblast (6)
Scrolls
 c - 3 scrolls of vulnerability
 g - a scroll of identify
 l - a scroll of magic mapping
 o - a scroll of immolation
 q - 2 scrolls of poison
 u - 9 scrolls of teleportation
 x - a scroll of fog
 C - a scroll of amnesia
Potions
 a - 2 potions of magic
 b - a potion of attraction
 i - 2 potions of curing
 m - 2 potions of berserk rage
 s - a potion of cancellation
 v - a potion of haste
 A - 6 potions of flight
 I - a potion of mutation
 J - a potion of brilliance


   Skills:
 + Level 2.7 Fighting
 + Level 1.5 Short Blades
 + Level 1.8 Maces & Flails
 + Level 8.6 Dodging
 + Level 6.0 Stealth
 + Level 7.3 Shields
 + Level 13.2 Spellcasting
 * Level 11.3 Conjurations
 + Level 2.3 Hexes
 * Level 2.2 Summonings
 * Level 2.6 Translocations
 + Level 10.6 Fire Magic
 + Level 5.0 Ice Magic
 + Level 7.4 Earth Magic
 * Level 6.5 Invocations
 + Level 0.7 Evocations


You had 6 spell levels left.
You knew the following spells:

 Your Spells              Type           Power      Damage    Failure   Level
a - Foxfire               Conj/Fire      100%       2x1d9     1%          1
b - Scorch                Fire           100%       2d9       1%          2
c - Inner Flame           Hex/Fire       65%        N/A       1%          3
d - Flame Wave            Conj/Fire      82%        2d18      1%          4
e - Summon Small Mammal   Summ           100%       N/A       1%          1
f - Iron Shot             Conj/Erth      29%        9d6       17%         6
g - Ozocubu's Refrigerat  Ice            20%        4d12      99%         7
h - Hailstorm             Conj/Ice       55%        3d12      1%          3
i - Blink                 Tloc           58%        N/A       2%          2
j - Summon Forest         Summ/Tloc      14%        N/A       47%         5

Your spell library contained the following spells:

 Spells                   Type           Power      Damage    Failure   Level
 Apportation              Tloc           58%        N/A       1%          1
 Kiss of Death            Conj/Necr      100%       2d13      1%          1
 Slow                     Hex            100%       N/A       1%          1
 Ensorcelled Hibernation  Hex/Ice        68%        N/A       1%          2
 Momentum Strike          Conj/Tloc      100%       3d10      1%          2
 Dazzling Flash           Conj/Hex       100%       N/A       1%          3
 Volatile Blastmotes      Fire/Tloc      100%       2d18      1%          3
 Necrotise                Necr           64%        1d7       5%          1
 Gell's Gravitas          Tloc           29%        N/A       5%          3
 Portal Projectile        Hex/Tloc       56%        N/A       5%          3
 Teleport Other           Tloc           29%        N/A       5%          3
 Confusing Touch          Hex            28%        N/A       6%          3
 Sublimation of Blood     Necr           16%        N/A       8%          2
 Wereblood                Tmut           16%        N/A       8%          2
 Spider Form              Tmut/Pois      16%        N/A       16%         3
 Ice Form                 Ice/Tmut       29%        N/A       19%         4
 Manifold Assault         Tloc           29%        N/A       19%         4
 Anguish                  Hex/Necr       11%        N/A       32%         4
 Dispel Undead            Necr           16%        3d10      45%         4
 Blade Hands              Tmut           8%         N/A       82%         5
 Dispersal                Tloc           14%        N/A       95%         6
 Simulacrum               Ice/Necr       14%        N/A       96%         6
 Storm Form               Tmut/Air       8%         N/A       100%        7
 Summon Hydra             Summ           13%        N/A       100%        7
 Polar Vortex             Ice            20%        N/A       100%        9
 Animate Armour           Summ/Erth      Unusable   N/A       N/A         4

Dungeon Overview and Level Annotations

Branches:
Dungeon (13/15)            Temple (1/1) D:5            Lair (3/5) D:9
  Swamp (0/4) Lair:2          Orc (2/2) D:10            Elf (0/3) Orc:2
  Sewer (visited)          Bailey (visited)
  Snake: Lair:2-3    Spider: Lair:2-3    Vaults: D:13-14

Altars:
Ashenzari
Cheibriados
Dithmenos
Elyvilon
Fedhas
Gozag
Hepliaklqana
Kikubaaqudgha
Makhleb
Nemelex Xobeh
Okawaru
Qazlal
Ru
Sif Muna
Trog
Uskayaw
Vehumet
Wu Jian
Xom
Yredelemnul
Zin
The Shining One

Shops:
D:6 *   D:9 ?   Orc:2 (*[:

Annotations:
D:13 3 runed translucent doors, CryoSword's ghost, journeyman DrCj


Innate Abilities, Weirdness & Mutations

You cannot wear most types of armour.
You are amphibious.
You can wear up to eight rings at the same time.
Your skin changes colour to match your surroundings (Stealth+).
Your rubbery body absorbs attacks. (AC +1, EV +1)
((You are camouflaged when in or above water. (Stealth+)))
You have tentacles for arms and can constrict up to eight enemies at once.


Message History

Confirm with . or Enter, or press ? or * to list all spells.
Okay, then.
Unknown command.
Throw: 2 darts (curare)
Press: ? - help, Q - select action, (/) - cycle Shift-Dir - straight line, f - blink frog
Aim: a blink frog (34% to hit)
You throw a curare-tipped dart.
The curare-tipped dart closely misses the skyshark.
The curare-tipped dart misses the blink frog.
You hear a splash.
The skyshark bites you!! You block the skyshark's attack.
The skyshark tail-slaps you.
Unknown command.
Unknown command.
Unknown command.
Okay, then.
Unknown command.
Unknown command.
Unknown command.
Okay, then.
Okay, then.
Okay, then.
Casting: Blink (safe; 2% risk of failure)
Confirm with . or Enter, or press ? or * to list all spells.
Okay, then.
Unknown command.
Unknown command.
Okay, then.
Unknown command.
Unknown command.
Unknown command.
Casting: Blink (safe; 2% risk of failure)
Confirm with . or Enter, or press ? or * to list all spells.
Okay, then.
A great freezing vortex appears and lifts you up.
You can no longer call upon Sif Muna to cast any spell from your library.
The skyshark bites you!!
* * * LOW HITPOINT WARNING * * *
The skyshark misses you. The skyshark tail-slaps you!
You die...

...##........####.....#
.......####### ##....##
......## ###### ##....#
.#.#### ##P##.# ######
.#########....##
.####..........#
...............#
....>..........#####
...............#@#.#
...............§§l##
(..............#F§#
P.............###'###
..............#≈≈~≈≈#
............###≈~≈~≈#
......^..... #~≈~≈~#
##### #≈~≈~(# #.###§###


You could see a skyshark (berserk) and a blink frog.

Vanquished Creatures
  An orc warlord (Orc:2)
  Snorg (D:11)
  Josephine (D:11)
  Erolcha (D:12)
  A hydra (Lair:2)
  A catoblepas (D:13)
  2 centaur warriors (D:13)
  4 boulder beetles
  2 tengu warriors
  2 two-headed ogres
  4 death yaks (Lair:1)
  Urug (D:11)
  7 orc high priests
  A bog body (Lair:2)
  A nameless horror (Lair:2)
  2 orc knights
  5 orc sorcerers
  3 manticores
  6 cyclopes
  The ghost of Anamonty the Stinger, a novice OpVM (D:5)
  Maurice (D:11)
  5 elephants (Lair:3)
  A black mamba (Lair:3)
  3 gargoyles
  4 cane toads
  A rime drake (Lair:1)
  4 komodo dragons
  A kobold demonologist (Bailey)
  3 unseen horrors
  An efreet (D:13)
  6 trolls
  A polar bear (shapeshifter) (D:13)
  A polar bear (Lair:1)
  A blink frog (Lair:3)
  A vampire (D:12)
  10 slime creatures (D:12)
  7 wraiths
  2 wyverns
  26 yaks
  A basilisk (D:11)
  2 steam dragons (D:9)
  13 vampire mosquitoes
  Edmund (D:5)
  2 acid dragons
  7 water moccasins
  8 wargs
  44 orc warriors
  A sky beast (D:7)
  4 black bears
  2 ice beasts
  7 ogres
  A centaur (D:10)
  6 wolves (Lair:3)
  A phantom (D:6)
  6 kobold brigands
  15 bullfrogs
  A water moccasin zombie (D:5)
  A gnoll sergeant (D:10)
  5 scorpions
  4 wights (D:10)
  8 killer bees (D:11)
  7 electric eels
  8 howler monkeys
  13 orc priests
  3 jellies
  2 sleepcaps (D:6)
  A gnoll bouda (D:6)
  2 iguanas (D:5)
  24 orc wizards
  A hound zombie (D:5)
  16 gnolls
  9 adders
  6 river rats
  A shadow imp (D:6)
  2 white imps
  An ufetubus (D:7)
  2 worms
  A dart slug (D:1)
  52 orcs
  6 ball pythons
  6 endoplasms
  5 giant cockroaches
  14 goblins
  10 hobgoblins
  9 jackals
  40 kobolds
  4 quokkas
  5 bats
  5 frilled lizards
  14 rats
535 creatures vanquished.

Vanquished Creatures (collateral kills)
  An orc warlord (Orc:1)
  An orc warrior (Orc:1)
  An ogre (Orc:1)
  An orc priest (Orc:1)
  2 orcs
  26 foxfires
32 creatures vanquished.

Vanquished Creatures (others)
  An efreet (D:11)
  An orc (Orc:2)
  1474 foxfires
  59 fungi
  45 plants
1580 creatures vanquished.

Grand Total: 2147 creatures vanquished

Notes
Turn   | Place    | Note
-------+----------+-------------------------------------------
     0 | D:1      | Conn the Octopode Fire Elementalist began the quest for the
                  | Orb.
     0 | D:1      | Reached XP level 1. HP: 11/11 MP: 3/3
   292 | D:1      | Reached XP level 2. HP: 17/17 MP: 0/5
   695 | D:1      | Found a faded altar of an unknown god.
   734 | D:1      | Reached XP level 3. HP: 15/21 MP: 6/6
   808 | D:1      | You fall into a shaft and drop 1 floor!
   825 | D:2      | Found a radiant altar of Vehumet.
  1588 | D:2      | Reached XP level 4. HP: 27/27 MP: 0/7
  1797 | D:3      | Reached skill level 1 in Maces & Flails
  1848 | D:3      | Identified the +1 robe of Free Will {Dex+3}
  2079 | D:3      | Noticed a scorpion
  2090 | D:3      | Killed a scorpion
  2091 | D:3      | Reached XP level 5. HP: 15/32 MP: 3/9
  2500 | D:4      | Reached skill level 3 in Spellcasting
  2702 | D:4      | Noticed an ogre
  2721 | D:3      | Learned a level 2 spell: Scorch
  2725 | D:3      | Learned a level 3 spell: Inner Flame
  2730 | D:3      | Learned a level 4 spell: Flame Wave
  3035 | D:4      | Reached XP level 6. HP: 37/37 MP: 6/10
  3319 | D:5      | Entered Level 5 of the Dungeon
  3705 | D:5      | Found a staircase to the Ecumenical Temple.
  3711 | D:5      | Reached skill level 4 in Spellcasting
  3711 | D:5      | Reached XP level 7. HP: 42/42 MP: 6/13
  3723 | Temple   | Entered the Ecumenical Temple
  4243 | D:5      | Found a runed translucent gate.
  4243 | D:5      | Found a runed translucent gate.
  4243 | D:5      | Found a runed translucent gate.
  4243 | D:5      | Noticed Anamonty's ghost (novice OpVM)
  4245 | D:5      | Found a basalt altar of Yredelemnul.
  4245 | D:5      | Noticed Edmund
  4460 | D:5      | Learned a level 1 spell: Summon Small Mammal
  4496 | D:5      | Killed Edmund
  4497 | D:5      | Reached skill level 5 in Spellcasting
  4670 | D:5      | Reached skill level 5 in Fire Magic
  4753 | D:5      | Killed Anamonty's ghost
  4754 | D:5      | Reached skill level 1 in Fighting
  4754 | D:5      | Reached skill level 1 in Summonings
  4754 | D:5      | Reached XP level 8. HP: 23/48 MP: 3/16
  5136 | D:6      | Found a glowing drain.
  5138 | D:6      | Reached skill level 6 in Spellcasting
  5164 | Sewer    | Entered a sewer
  5437 | Sewer    | Found a glowing silver altar of Zin.
  5866 | D:6      | Found a bloodstained altar of Trog.
  6025 | D:6      | Reached skill level 1 in Hexes
  6132 | D:6      | Reached XP level 9. HP: 53/53 MP: 13/18
  6203 | D:6      | Found Esunieqe's Neck Hole.
  6447 | D:6      | Reached skill level 7 in Spellcasting
  6721 | D:7      | Noticed a troll
  6753 | D:8      | Reached skill level 5 in Conjurations
  6888 | D:7      | Found a flagged portal.
  6897 | Bailey   | Entered a bailey
  7007 | Bailey   | Reached skill level 5 in Stealth
  7082 | Bailey   | Reached skill level 8 in Spellcasting
  7918 | Bailey   | Reached XP level 10. HP: 11/30 MP: 6/22
  7963 | Bailey   | Noticed a kobold demonologist
  8033 | Bailey   | Killed a kobold demonologist
  8034 | Bailey   | Reached skill level 9 in Spellcasting
  8178 | Bailey   | Acquired a +0 buckler of poison resistance
  8185 | Bailey   | Acquired 1123 gold pieces
  8187 | Bailey   | Acquired the +2 hood of the Assassin {Detect Stab+ Stlth++}
  8187 | Bailey   | Found the +2 hood of the Assassin {Detect Stab+ Stlth++}
  8244 | Bailey   | Noticed an orc high priest
  8256 | Bailey   | Noticed an orange demon
  8353 | Bailey   | Noticed a rust devil
  8361 | Bailey   | Killed an orc high priest
  8464 | Bailey   | Found an iron altar of Okawaru.
  8536 | Bailey   | Reached XP level 11. HP: 63/63 MP: 24/24
 10285 | D:8      | Found a bloodstained altar of Trog.
 10454 | D:8      | Found a glowing golden altar of the Shining One.
 10513 | D:8      | Found an ornate altar of the Wu Jian Council.
 10936 | D:9      | Found a staircase to the Lair.
 11072 | D:9      | Found Yghum's Magic Scroll Shop.
 11085 | D:9      | Found a shimmering blue altar of Sif Muna.
 11096 | D:9      | Became a worshipper of Sif Muna the Loreminder
 11305 | D:9      | Reached skill level 10 in Spellcasting
 11623 | D:9      | Acquired 1263 gold pieces
 11817 | D:9      | Identified the +4 scale mail of Death's Door {rElec}
 12191 | D:10     | Entered Level 10 of the Dungeon
 12331 | D:10     | Found a blossoming altar of Fedhas.
 12339 | D:10     | Noticed a boulder beetle
 12348 | D:10     | Killed a boulder beetle
 12522 | D:10     | Reached * piety under Sif Muna
 12584 | D:10     | Found a shadowy altar of Dithmenos.
 12672 | D:10     | Found a hide-covered altar of Uskayaw.
 12754 | D:10     | Found an opulent altar of Gozag.
 12772 | D:10     | Reached XP level 12. HP: 65/70 MP: 21/26
 12781 | D:10     | Noticed a two-headed ogre
 12810 | D:10     | Killed a two-headed ogre
 12972 | D:10     | Found a staircase to the Orcish Mines.
 13135 | D:11     | Noticed a two-headed ogre
 13151 | D:11     | Killed a two-headed ogre
 13295 | D:11     | Noticed Snorg
 13307 | D:11     | Killed Snorg
 13308 | D:11     | Reached skill level 11 in Spellcasting
 13414 | D:11     | Reached ** piety under Sif Muna
 13419 | D:11     | Noticed a boulder beetle
 13569 | D:10     | Learned a level 6 spell: Iron Shot
 13569 | D:10     | Reached skill level 5 in Earth Magic
 13569 | D:10     | Reached XP level 13. HP: 74/74 MP: 28/28
 13674 | D:11     | Noticed Maurice
 13684 | D:11     | Killed Maurice
 13764 | D:11     | Identified the +0 cloak of Card Tricks {rPois rN+ Slay-3
                  | SInv}
 14018 | D:11     | Learned a level 7 spell: Ozocubu's Refrigeration
 14164 | D:11     | Noticed Josephine
 14262 | D:12     | Reached skill level 1 in Ice Magic
 14471 | D:12     | Reached skill level 1 in Short Blades
 14516 | D:12     | Reached *** piety under Sif Muna
 14614 | D:12     | Noticed Erolcha
 14629 | D:12     | Killed Erolcha
 14630 | D:12     | Reached skill level 1 in Invocations
 15037 | D:11     | Noticed Urug
 15049 | D:11     | Killed Urug
 15339 | D:11     | Killed Josephine
 15555 | D:11     | Found a radiant altar of Vehumet.
 15644 | D:11     | Reached XP level 14. HP: 57/81 MP: 4/29
 15947 | D:11     | Identified the +6 long sword "Movauz" {heavy, *Corrode
                  | Str+7 Int-2 SInv}
 16007 | D:11     | Reached skill level 12 in Spellcasting
 16164 | Lair:1   | Entered Level 1 of the Lair of Beasts
 16320 | Lair:1   | Reached skill level 10 in Conjurations
 17018 | Lair:1   | Found a stormy altar of Qazlal.
 17920 | Lair:2   | Found a staircase to the Swamp.
 18491 | Orc:1    | Entered Level 1 of the Orcish Mines
 18511 | Orc:1    | Reached **** piety under Sif Muna
 18797 | Orc:1    | Noticed an orc warlord
 18814 | Orc:1    | Killed an orc warlord
 19373 | Orc:2    | Entered Level 2 of the Orcish Mines
 19522 | Orc:2    | Found Vebbiho's Antique Armour Shoppe.
 19951 | Orc:2    | Found Pumygoapp's Book Shoppe.
 20126 | Orc:2    | Reached skill level 10 in Fire Magic
 20135 | Orc:2    | Reached ***** piety under Sif Muna
 20142 | Orc:1    | Reached skill level 5 in Invocations
 20361 | Orc:2    | Paralysed by an orc sorcerer for 5 turns
 20751 | Orc:2    | Bought a book of the Tundra for 416 gold pieces
 20751 | Orc:2    | Bought an Inescapable Atlas for 416 gold pieces
 20788 | Orc:2    | Found a staircase to the Elven Halls.
 20800 | Orc:2    | Received a gift from Sif Muna
 20801 | Orc:2    | Got Itrairgh's Elucidation of the Hapless Voyage {god gift}
 20806 | Orc:2    | Learned a level 3 spell: Hailstorm
 20809 | Orc:2    | Learned a level 2 spell: Blink
 21034 | Orc:2    | Noticed an orc warlord
 21122 | Orc:2    | Killed an orc warlord
 21231 | Orc:2    | Found Caofu's General Store.
 21374 | Orc:2    | Reached skill level 1 in Translocations
 21763 | Orc:2    | Found Haloo's Antique Weapon Shop.
 21803 | Orc:2    | Bought a brightly glowing mace for 200 gold pieces
 21803 | Orc:2    | Identified the +8 mace of Vaateum {drain, rF+ rCorr} (You
                  | bought it in a shop on level 2 of the Orcish Mines)
 22435 | D:12     | Reached XP level 15. HP: 51/86 MP: 17/31
 22918 | D:13     | Found a runed translucent gate.
 22918 | D:13     | Found a runed translucent gate.
 22951 | D:13     | HP: 4/86 [catoblepas (4)]
 23346 | D:13     | Reached skill level 5 in Ice Magic
 23613 | D:13     | Reached skill level 13 in Spellcasting
 24003 | D:13     | Found a runed translucent gate.
 24006 | D:13     | Noticed CryoSword's ghost (journeyman DrCj)
 24031 | D:13     | Learned a level 5 spell: Summon Forest
 25812 | Lair:3   | Slain by a skyshark

Illustrated notes

Levels and vault maps discovered:
D:1:      nzn_arrival_depleted_hourglass, layout_rooms,
          shapermc_ecumenical_altar_hornbeckon
D:2:      layout_basic, basic_altar
D:3:      layout_rooms
D:4:      layout_cave_pools, minmay_misc_feat_pillars, serial_bayou_lagoon_a,
          kennysheep_big_empty_room
D:5:      layout_rooms, nicolae_yredelemnul_ghost_church,
          minmay_temple_entry_mini_moons, uniq_edmund
D:6:      wander_river, layout_loops_ring, trog_three_pillars_becter,
          portal_sewer_entry_e, nicolae_shop_sticking_my_neck_out
D:7:      layout_loops_corners, enter_bailey_2
D:8:      layout_rooms, marbit_many_paths, hangedman_feature_mirror
D:9:      layout_grid_maze, mainiacjoe_overflow_brackets,
          due_lair_maze_entry_diamond, serial_shops, nicolae_shop_tiny_glass,
          fountainhead, small_statue_intersection
D:10:     layout_gridville, mainiacjoe_overflow_swirl,
          mainiacjoe_overflow_large_starburst, orc_0_dummy,
          hangedman_decor_diamond_cutter, st_stairs_2, feat_on_display
D:11:     minmay_tri_box, layout_gridville, nicolae_vehumet_altar_sigil,
          uniq_urug, uniq_josephine, uniq_snorg, uniq_maurice
D:12:     layout_rooms, uniq_erolcha
D:13:     layout_cave_pools, gammafunk_ghost_hydra_chop
Temple:   dpeg_chambers_temple
Lair:1:   layout_cave_pods, basic_altar
Lair:2:   layout_cave_pods, skrybe_swamp_entry_bodies
Lair:3:   layout_cave_pods, guppyfry_snake_entry_garden,
          chequers_serial_rivers_large_b, chequers_serial_rivers_large_a,
          chequers_serial_rivers_room_b, evilmike_ambush
          [evilmike_ambush_outer_basic, evilmike_ambush_inner_wall_2],
          serial_bayou_shore_a
Orc:1:    layout_caves, kennysheep_orc_chapel
Orc:2:    grunt_orc_gardens, layout_caves, grunt_orc_garden, grunt_orc_garden,
          grunt_orc_garden, grunt_orc_garden, basic_altar

Skill      XL: |  1  2  3  4  5  6  7  8  9 10 11 12 13 14 15 |
---------------+----------------------------------------------+-----
Stealth        | 3 4 5 6 |  6.0
Maces & Flails | 1 |  1.8
Conjurations   | 2 3 4 6 7 9 10 11 | 11.3
Spellcasting   | 3 4 5 6 8 9 10 11 12 13 | 13.2
Fire Magic     | 4 5 6 7 8 9 10 | 10.6
Fighting       | 1 2 |  2.7
Summonings     | 1 2 |  2.2
Hexes          | 1 2 |  2.3
Dodging        | 7 8 |  8.6
Shields        | 6 7 |  7.3
Earth Magic    | 5 6 7 |  7.4
Ice Magic      | 3 4 5 |  5.0
Short Blades   | 1 |  1.5
Invocations    | 2 5 6 |  6.5
Translocations | 1 2 |  2.6
Evocations     | |  0.7

Action                     |  1- 3 |  4- 6 |  7- 9 | 10-12 | 13-15 || total
---------------------------+-------+-------+-------+-------+-------++-------
  Melee: Dagger            |     4 |       |     5 |    50 |    65 ||   124
         Whip              |    25 |    29 |    24 |       |       ||    78
         Constrict         |     9 |     5 |     5 |    14 |    11 ||    44
         Tentacles         |     4 |     4 |     5 |    13 |    26 ||    52
         Punch             |       |       |     1 |       |     3 ||     4
         Mace              |       |       |       |       |     9 ||     9
  Throw: Throwing net      |     1 |       |       |       |       ||     1
         Dart              |       |       |       |       |    11 ||    11
   Cast: Foxfire           |    65 |    71 |   137 |   160 |   411 ||   844
         Scorch            |       |     9 |    66 |    58 |   157 ||   290
         Inner Flame       |       |     1 |     7 |    15 |    47 ||    70
         Summon Small Mamm |       |       |     9 |     5 |     8 ||    22
         Flame Wave        |       |       |    16 |    22 |    78 ||   116
         Blink             |       |       |       |       |     6 ||     6
         Hailstorm         |       |       |       |       |     3 ||     3
         Polar Vortex      |       |       |       |       |     1 ||     1
 Invoke: Channel Magic     |       |       |       |       |     2 ||     2
         Divine Exegesis   |       |       |       |       |     1 ||     1
  Evoke: Wand              |       |       |       |       |     9 ||     9
    Use: Potion            |       |     3 |     9 |     2 |    12 ||    26
         Scroll            |       |     1 |    18 |     9 |    12 ||    40
   Stab: Sleeping          |     4 |     3 |     2 |     2 |     7 ||    18
 Armour: Skin              |     2 |     3 |    27 |    20 |    46 ||    98
  Dodge: Dodged            |    32 |    20 |    46 |    94 |   161 ||   353
  Block: Buckler           |       |       |       |    45 |   120 ||   165

Table legend: (Time is in decaauts)
 A = Elapsed time spent in this place.
 B = Non-inter-level travel time spent in this place.
 C = Inter-level travel time spent in this place.
 D = Time resting spent in this place.
 E = Time spent auto-exploring this place.
 F = Levels seen in this place.
 G = Mean time per level.
                   A        B        C        D        E       F      G
               +--------+--------+--------+--------+--------+-----+--------+
         Total |  25840 |  25144 |    696 |   2882 |  15877 |  21 | 1230.5 |
       Dungeon |  15878 |  15331 |    547 |   1088 |  10520 |  13 | 1221.4 |
        Temple |    283 |    268 |     15 |      0 |    209 |   1 |  283.0 |
          Lair |   3844 |   3728 |    116 |    458 |   2530 |   3 | 1281.3 |
  Orcish Mines |   3699 |   3682 |     17 |   1236 |   1232 |   2 | 1849.5 |
         Sewer |    323 |    323 |      0 |     91 |    132 |   1 |  323.0 |
        Bailey |   1811 |   1811 |      0 |      9 |   1253 |   1 | 1811.0 |
               +--------+--------+--------+--------+--------+-----+--------+

Top non-repeatable levels by time:
    D:11: 2131 daAuts
   Orc:1: 2101 daAuts
  Bailey: 1811 daAuts
  Lair:1: 1752 daAuts
    D:12: 1697 daAuts
     D:9: 1613 daAuts
   Orc:2: 1598 daAuts
     D:7: 1397 daAuts
     D:6: 1344 daAuts
     D:5: 1321 daAuts
  Lair:2: 1199 daAuts
    D:10: 1169 daAuts
    D:13: 1036 daAuts
  Lair:3: 892 daAuts
     D:1: 879 daAuts
